 Dungeon Crawl Stone Soup version 0.31-a0-1589-g8f5e8aebd6 (webtiles) character file.

Game seed: 7973778749143970756

49 Flugslaktarn the Apothecary (level 3, -2/21 HPs)
             Began as an Octopode Alchemist on Jan 5, 2024.
             Slain by a black bear (5 damage)
             ... on level 4 of the Dungeon.
             The game lasted 00:01:20 (534 turns).

Flugslaktarn the Apothecary (Octopode Alchemist)     Turns: 534, Time: 00:01:21

Health: -2/21      AC:  1    Str:  7    XL:     3   Next: 75%
Magic:  2/6        EV: 13    Int: 19    God:
Gold:   52         SH:  0    Dex: 12    Spells: 6/7 levels left

rFire   . . .        c - +0 dagger
rCold   . . .        (no shield)
rNeg    . . .        (helmet restricted)
rPois   .            (no amulet)
rElec   .            m - ring of willpower
rCorr   .            (no ring)
SInv    .            (no ring)
Will    +....        (no ring)
Stlth   +++          (no ring)
HPRegen 0.23/turn    (no ring)
MPRegen 0.10/turn    (no ring)
                     (no ring)

%: no passive effects
@: no status effects
A: almost no armour, amphibious, 8 rings, camouflage 1, gelatinous body 1,
(nimble swimmer 1), tentacles
a: no special abilities


You were on level 4 of the Dungeon.
You visited 1 branch of the dungeon, and saw 4 of its levels.

You collected 52 gold pieces.

Inventory:

Hand Weapons
 c - a +0 dagger (weapon)
   (You took it off a goblin on level 2 of the Dungeon)
Jewellery
 m - a ring of willpower (left tentacle)
   (You found it on level 2 of the Dungeon)
Wands
 f - a wand of flame (13)
   (You took it off Ijyb on level 4 of the Dungeon)
Scrolls
 b - 2 scrolls of identify {unknown}
 g - a scroll of immolation {unknown}
Potions
 a - a potion of magic
 d - a potion of haste {unknown}
 e - a potion of degeneration {unknown}
 h - a potion of heal wounds {unknown}


   Skills:
 - Level 2.0 Dodging
 - Level 2.6 Stealth
 + Level 2.6 Spellcasting
 - Level 1.0 Conjurations
 * Level 4.5 Alchemy


You had 6 spell levels left.
You knew the following spells:

 Your Spells              Type           Power      Damage    Failure   Level
a - Sting                 Conj/Alch      52%        1d6       4%          1

Your spell library contained the following spells:

 Spells                   Type           Power      Damage    Failure   Level
 Mercury Vapours          Alch/Air       22%        N/A       10%         2
 Mephitic Cloud           Conj/Alch/Air  9%         N/A       22%         3
 Olgreb's Toxic Radiance  Alch           19%        N/A       24%         4
 Sticky Flame             Fire/Alch      11%        2d5       52%         4
 Anguish                  Hex/Necr       1%         N/A       85%         4
 Cause Fear               Hex            1%         N/A       85%         4
 Enfeeble                 Hex            1%         N/A       100%        7


Dungeon Overview and Level Annotations

Branches:
Dungeon (4/15)
 Temple: D:4-7

Altars:
Kikubaaqudgha


Innate Abilities, Weirdness & Mutations

You cannot wear most types of armour.
You are amphibious.
You can wear up to eight rings at the same time.
Your skin changes colour to match your surroundings (Stealth+).
Your rubbery body absorbs attacks. (AC +1, EV +1)
((You are camouflaged when in or above water. (Stealth+)))
You have tentacles for arms and can constrict up to eight enemies at once.


Message History

Casting: Sting (safe; 5% risk of failure)
Confirm with . or Enter, or press ? or * to list all spells.
Aiming: Sting (safe; 5% risk of failure)
Press: ? - help, Shift-Dir - straight line, f/p - Ijyb
Aim: Ijyb, wielding a +0 club, wearing a +0 scale mail and carrying a wand of flame (lightly wounded, very poisoned, 68% to hit)
The sting hits Ijyb but does no damage.
Ijyb looks even sicker.
Ijyb is lightly wounded.
Ijyb closely misses you.
You hit Ijyb but do no damage. You grab Ijyb. You squeeze Ijyb.
Ijyb is moderately wounded.
You constrict Ijyb, but do no damage. Ijyb closely misses you.
You hit Ijyb but do no damage.
Ijyb is heavily wounded.
You constrict Ijyb. Ijyb closely misses you.
You hit Ijyb. You squeeze Ijyb.
Ijyb is severely wounded.
You constrict Ijyb, but do no damage. Ijyb closely misses you.
You hit Ijyb but do no damage.
Ijyb is almost dead.
You constrict Ijyb, but do no damage. Ijyb barely misses you.
You hit Ijyb but do no damage.
Ijyb is almost dead.
You constrict Ijyb, but do no damage. Ijyb hits you with a +0 club.
You hit Ijyb but do no damage. You squeeze Ijyb, but do no damage.
Ijyb is almost dead.
You constrict Ijyb.
Ijyb zaps a wand.
The puff of flame misses you.
You hit Ijyb.
You kill Ijyb!
You hear the hiss of a very distant avalanche of sand.
You now have 44 gold pieces (gained 8).
Things that are here:
a +0 club; a +0 scale mail; a wand of flame (13)
f - a wand of flame (13)
You now have 52 gold pieces (gained 8).
Things that are here:
a +0 dagger; a goblin corpse
Found a stone staircase leading down.
Things that are here:
a +0 club; a goblin corpse
b - 2 scrolls labelled SIUHUG HEGG (gained 1)
g - a scroll labelled KUGACOROLI HP restored.
A goblin is nearby!
A sleepcap comes into view.
Found an ancient bone altar of Kikubaaqudgha.
You see here a yellow potion.
h - a yellow potion
Casting: Sting (safe; 4% risk of failure)
Confirm with . or Enter, or press ? or * to list all spells.
You can't see any susceptible monsters within range! (Use Z to cast anyway.)
You hear the brisk hiss of a very distant avalanche of sand.
A black bear comes into view.
A black bear is nearby!
Casting: Sting (safe; 4% risk of failure)
Confirm with . or Enter, or press ? or * to list all spells.
You can't see any susceptible monsters within range! (Use Z to cast anyway.)
Casting: Sting (safe; 4% risk of failure)
Confirm with . or Enter, or press ? or * to list all spells.
You can't see any susceptible monsters within range! (Use Z to cast anyway.)
Casting: Sting (safe; 4% risk of failure)
Confirm with . or Enter, or press ? or * to list all spells.
You can't see any susceptible monsters within range! (Use Z to cast anyway.)
Casting: Sting (safe; 4% risk of failure)
Confirm with . or Enter, or press ? or * to list all spells.
Aiming: Sting (safe; 4% risk of failure)
Press: ? - help, Shift-Dir - straight line, f - black bear
Aim: a black bear (asleep, 100% to hit)
The sting hits the black bear.
The black bear is poisoned.
The black bear is lightly wounded.
Casting: Sting (safe; 4% risk of failure)
Confirm with . or Enter, or press ? or * to list all spells.
Aiming: Sting (safe; 4% risk of failure)
Press: ? - help, Shift-Dir - straight line, f/p - black bear
Aim: a black bear (lightly wounded, poisoned, 79% to hit)
The sting hits the black bear.
The black bear looks even sicker.
The black bear is lightly wounded.
Casting: Sting (safe; 4% risk of failure)
Confirm with . or Enter, or press ? or * to list all spells.
Aiming: Sting (safe; 4% risk of failure)
Press: ? - help, Shift-Dir - straight line, f/p - black bear
Aim: a black bear (moderately wounded, very poisoned, 79% to hit)
The sting hits the black bear.
The black bear looks even sicker.
The black bear is heavily wounded.
The black bear goes berserk!
The black bear bites you but does no damage.
The black bear completely misses you. The black bear claws you.
Casting: Sting (safe; 4% risk of failure)
Confirm with . or Enter, or press ? or * to list all spells.
Aiming: Sting (safe; 4% risk of failure)
Press: ? - help, Shift-Dir - straight line, f/p - black bear
Aim: a black bear (almost dead, berserk, very poisoned, 79% to hit)
The sting hits the black bear.
The black bear looks as sick as possible!
The black bear is almost dead.
The black bear bites you!
Ouch! That really hurt!
The black bear claws you.
* * * LOW HITPOINT WARNING * * *
The black bear claws you.
You die...

### #.#
..# #.#
#.# #.#
#h# #@#
#.# #.#
#.#
###.###
#.#
#§...○#
#.#
##.....#
#.#
##...._...
#.# #..
.....# #.#
#.# ...§


You could see a black bear (berserk, extremely poisoned).

Vanquished Creatures
  Ijyb (D:4)
  A dart slug (D:2)
  3 orcs (D:4)
  An endoplasm (D:2)
  A giant cockroach (D:4)
  7 goblins
  A hobgoblin (D:2)
  2 jackals (D:4)
  A frilled lizard (D:2)
18 creatures vanquished.

Notes
Turn   | Place    | Note
-------+----------+-------------------------------------------
     0 | D:1      | Flugslaktarn the Octopode Alchemist began the quest for the
                  | Orb.
     0 | D:1      | Reached XP level 1. HP: 11/11 MP: 3/3
   147 | D:2      | Reached XP level 2. HP: 17/17 MP: 1/5
   248 | D:4      | Reached skill level 4 in Alchemy
   337 | D:4      | Noticed Ijyb
   364 | D:4      | Reached XP level 3. HP: 21/21 MP: 0/6
   449 | D:4      | Killed Ijyb
   483 | D:4      | Found an ancient bone altar of Kikubaaqudgha.
   524 | D:4      | Noticed a black bear
   534 | D:4      | Slain by a black bear

Illustrated notes

Levels and vault maps discovered:
D:1:      zaba_arrival_water, layout_basic, serial_bayou_crossing
D:2:      layout_loops_ring
D:3:      layout_rooms
D:4:      kennysheep_the_goblin_king, layout_basic,
          chequers_temple_overflow_statue_of_worship,
          nicolae_kikubaaqudgha_miasma_corner,
          lightli_ossuary_entry_decrepit_ruins, hangedman_decor_riveting

Skill      XL: |  1  2 |
---------------+-------+-----
Alchemy        | 4 |  4.5
Dodging        | |  2.0
Stealth        | |  2.6
Spellcasting   | |  2.6
Conjurations   | |  1.0

Action                     || total
---------------------------++-------
  Melee: Unarmed           ||     5
         Tentacles         ||     6
         Dagger            ||    17
         Constrict         ||     2
   Cast: Sting             ||    28
 Armour: Skin              ||    21
  Dodge: Dodged            ||    21

Table legend: (Time is in decaauts)
 A = Elapsed time spent in this place.
 B = Non-inter-level travel time spent in this place.
 C = Inter-level travel time spent in this place.
 D = Time resting spent in this place.
 E = Time spent auto-exploring this place.
 F = Levels seen in this place.
 G = Mean time per level.
                   A        B        C        D        E       F      G
               +--------+--------+--------+--------+--------+-----+--------+
         Total |    532 |    527 |      5 |      0 |    211 |   4 |  133.0 |
       Dungeon |    532 |    527 |      5 |      0 |    211 |   4 |  133.0 |
               +--------+--------+--------+--------+--------+-----+--------+

Top non-repeatable levels by time:
     D:4: 338 daAuts
     D:2: 116 daAuts
     D:1: 54 daAuts
     D:3: 23 daAuts
